 Seeded DCSS version 0.30.1 (webtiles) character file.

Game seed: 6351066067085065685 (custom seed)

2926 Esekla the Thaumaturge (level 9, -4/42 (45) HPs)
             Began as a Deep Elf Necromancer on July 8, 2023.
             Was a Priest of Vehumet.
             Slain by a wight
             ... wielding a +3 halberd
              (8 damage)
             ... on level 7 of the Dungeon.
             The game lasted 00:40:20 (5986 turns).

Esekla the Thaumaturge (Deep Elf Necromancer)       Turns: 5986, Time: 00:40:21

HP:   -4/42 (45)    AC:  5    Str:  5    XL:     9   Next: 50%
MP:   25/25         EV: 14    Int: 25    God:    Vehumet [***...]
Gold: 398           SH:  0    Dex: 15    Spells: 19/28 levels left

rFire   . . .        c - +4 scimitar
rCold   . . .        (no shield)
rNeg    . . .        k - +0 robe
rPois   .            w - +0 helmet
rElec   .            I - +0 cloak
rCorr   .            i - +0 pair of gloves
SInv    .            (no boots)
Will    .....        A - amulet of magic regeneration
Stlth   +++          (no ring)
HPRegen 0.27/turn    (no ring)
MPRegen 0.59/turn

%: no passive effects
@: hasted and slowed, drained
A: no striking features
a: Renounce Religion


You were on level 7 of the Dungeon.
You worshipped Vehumet.
Vehumet was most pleased with you.
You visited 2 branches of the dungeon, and saw 8 of its levels.

You collected 398 gold pieces.

Inventory:

Hand Weapons
 c - a +4 scimitar (weapon)
 r - a +4 trident of venom
 s - a +2 vampiric dagger
Missiles
 q - 21 poisoned darts (quivered)
 J - 2 throwing nets
Armour
 i - a +0 pair of gloves (worn)
 k - a +0 robe (worn)
 w - a +0 helmet (worn)
 F - a +0 buckler
 I - a +0 cloak (worn)
Jewellery
 A - an amulet of magic regeneration (around neck)
Wands
 f - a wand of roots (20)
 C - a wand of flame (14)
 H - a wand of mindburst (9)
Scrolls
 a - a scroll of summoning {unknown}
 e - 3 scrolls of fear {unknown}
 j - a scroll of immolation {unknown}
 l - 5 scrolls of blinking {unknown}
 n - 2 scrolls of fog {unknown}
 t - a scroll of enchant armour {unknown}
 u - a scroll of silence {unknown}
 v - 2 scrolls of amnesia {unknown}
 y - 3 scrolls of enchant weapon {unknown}
 z - a scroll of magic mapping {unknown}
 D - 2 scrolls of teleportation {unknown}
 E - 8 scrolls of identify {unknown}
 G - 2 scrolls of poison {unknown}
 K - 3 scrolls of noise {unknown}
Potions
 b - a potion of magic
 d - 3 potions of ambrosia {unknown}
 g - 6 potions of attraction {unknown}
 h - 5 potions of curing
 m - a potion of haste
 o - 3 potions of brilliance {unknown}
 p - 2 potions of heal wounds {unknown}
 x - a potion of mutation {unknown}
 B - a potion of lignification {unknown}


   Skills:
 + Level 3.1 Short Blades
 + Level 1.0 Throwing
 * Level 5.9 Dodging
 + Level 4.7 Stealth
 * Level 1.2 Shields
 * Level 10.3 Spellcasting
 * Level 3.4 Conjurations
 + Level 9.4 Necromancy
 * Level 3.3 Translocations
 + Level 1.0 Evocations


You had 19 spell levels left.
You knew the following spells:

 Your Spells              Type           Power      Damage    Failure   Level
a - Necrotise             Necr           100%       1d9       1%          1
d - Vampiric Draining     Necr           56%        2d10      1%          3
e - Searing Ray           Conj           60%        2d6       1%          2
t - Teleport Other        Tloc           29%        N/A       3%          3

Your spell library contained the following spells:

 Spells                   Type           Power      Damage    Failure   Level
 Momentum Strike          Conj/Tloc      58%        3d9       1%          2
 Lesser Beckoning         Tloc           58%        N/A       1%          2
 Animate Dead             Necr           56%        N/A       1%          4
 Agony                    Necr           56%        N/A       2%          5
 Gell's Gravitas          Tloc           29%        N/A       3%          3
 Spider Form              Tmut/Pois      12%        N/A       14%         3
 Cause Fear               Hex            6%         N/A       43%         4
 Summon Mana Viper        Hex/Summ       12%        N/A       78%         5


Dungeon Overview and Level Annotations

Branches:
Dungeon (7/15)             Temple (1/1) D:6

Altars:
Cheibriados
Dithmenos
Fedhas
Hepliaklqana
Okawaru
Qazlal
Trog
Vehumet
Xom
Zin
The Shining One

Shops:
D:2 =   D:4 (


Message History

Items here: )) [ †.
c - a +4 scimitar
c - a +4 scimitar (weapon)
q - 20 poisoned darts (gained 1)
q - 21 poisoned darts (gained 1)
A wight comes into view.
It is wielding a +3 halberd and quivering curare-tipped darts.
You see here a poisoned dart.
You see here a poisoned dart.
The wight throws a curare-tipped dart.
The curare-tipped dart hits you.
You are poisoned.
You have difficulty breathing.
You feel yourself slow down.
You see here a poisoned dart.
You feel very sick.
You feel sick.
You feel sick. The wight closely misses you. The wight barely misses you.
Casting: Searing Ray (safe; 1% risk of failure)
Confirm with . or Enter, or press ? or * to list all spells.
Aiming: Searing Ray (safe; 1% risk of failure)
Press: ? - help, Shift-Dir - straight line, f - wight
Aim: a wight, wielding a +3 halberd, wearing a +0 robe and quivering curare-tipped darts (79% to hit)
The searing ray hits the wight.
The wight is moderately damaged. (Press . to maintain the ray.)
You feel sick. The wight hits you but does no damage.
The searing ray hits the wight.
The wight is heavily damaged.
You feel sick.
You are no longer poisoned.
The wight barely misses you. The wight hits you with a +3 halberd!
You feel drained.
The searing ray hits the wight!
The wight is almost destroyed.
The wight hits you with a +3 halberd!
* * * LOW HITPOINT WARNING * * *
You feel drained.
* * * LOW HITPOINT WARNING * * *
It was a potion of haste.
You feel yourself speed up. The wight closely misses you. The wight misses you.
The wight hits you from afar with a +3 halberd!
You die...

#######
......###########################
......'......(z.@.[).............
......#....#################'####
####'##.)..# #####.......
#..##....# #...'.......
#.###....###########.###.......
#.# #.............##.# ########
###.# #.....#######.##.# #..
....#######.#<....#.##.# #.#
.........##.##.#..#.##.###### #..


You could see a wight.

Vanquished Creatures
  Pikel (Temple)
  Joseph (D:7)
  A wyvern (D:7)
  Menkaure (D:7)
  A sky beast (D:6)
  2 black bears
  2 ogres
  A centaur (D:7)
  A phantom (D:7)
  Blork the orc (D:6)
  A kobold brigand (D:6)
  A gnoll sergeant (D:6)
  A bullfrog (D:7)
  2 scorpions (D:5)
  A wight (D:7)
  A gnoll bouda (D:4)
  6 hounds
  A jelly (D:6)
  Crazy Yiuf (D:7)
  A sleepcap (D:5)
  5 iguanas
  An orc wizard (D:7)
  16 gnolls
  9 adders
  4 white imps
  An ufetubus (D:6)
  A worm (D:4)
  3 dart slugs
  15 orcs
  6 ball pythons
  4 endoplasms
  8 goblins
  5 hobgoblins
  A quokka (D:1)
  4 bats
  4 frilled lizards
  12 kobolds
  A rat (D:2)
128 creatures vanquished.

Notes
Turn   | Place    | Note
-------+----------+-------------------------------------------
     0 | D:1      | Esekla the Deep Elf Necromancer began the quest for the
                  | Orb.
     0 | D:1      | Reached XP level 1. HP: 10/10 MP: 6/6
   132 | D:1      | Reached skill level 5 in Necromancy
   181 | D:1      | Reached XP level 2. HP: 11/15 MP: 8/8
   307 | D:4      | Found a radiant altar of Vehumet.
   311 | D:4      | Became a worshipper of Vehumet
   479 | D:3      | Identified the +5 rapier of the Hero {heavy, rN+ Dex+3}
   494 | D:2      | Found Renulab's Jewellery Shop.
   783 | D:2      | Noticed a black bear
   804 | D:1      | Reached XP level 3. HP: 18/19 MP: 9/9
   870 | D:1      | Learned a level 3 spell: Vampiric Draining
  1028 | D:1      | Reached XP level 4. HP: 21/24 MP: 3/11
  1145 | D:2      | Reached * piety under Vehumet
  1145 | D:2      | Offered knowledge of Foxfire by Vehumet.
  1242 | D:2      | Found a faded altar of an unknown god.
  1280 | D:2      | Killed a black bear
  1281 | D:2      | Reached skill level 1 in Short Blades
  1281 | D:2      | Reached skill level 4 in Spellcasting
  1281 | D:2      | Reached XP level 5. HP: 19/28 MP: 5/13
  2080 | D:3      | Found a stormy altar of Qazlal.
  2083 | D:3      | Found a hazy altar of Hepliaklqana.
  2083 | D:3      | Found a bloodstained altar of Trog.
  2419 | D:4      | Reached XP level 6. HP: 28/32 MP: 14/14
  2618 | D:4      | Reached skill level 5 in Spellcasting
  2943 | D:4      | Found a glowing silver altar of Zin.
  3073 | D:4      | Found Ponaysk's Antique Weapon Boutique.
  3198 | D:4      | Found an iron altar of Okawaru.
  3233 | D:4      | Found a glowing golden altar of the Shining One.
  3260 | D:4      | Learned a level 3 spell: Teleport Other
  3272 | D:5      | Entered Level 5 of the Dungeon
  3280 | D:5      | Got the Parchment of the Lumpy Olives
  3296 | D:5      | Found a shadowy altar of Dithmenos.
  3378 | D:5      | Reached XP level 7. HP: 32/36 MP: 14/17
  3625 | D:5      | Reached skill level 6 in Spellcasting
  3625 | D:5      | Reached skill level 1 in Translocations
  3695 | D:5      | Reached ** piety under Vehumet
  3695 | D:5      | Offered knowledge of Searing Ray by Vehumet.
  3707 | D:5      | Learned a level 2 spell: Searing Ray
  4150 | D:6      | Reached skill level 1 in Conjurations
  4210 | D:6      | Found a blossoming altar of Fedhas.
  4297 | D:6      | Reached skill level 5 in Dodging
  4297 | D:6      | Reached XP level 8. HP: 31/41 MP: 14/20
  4386 | D:6      | Reached skill level 7 in Spellcasting
  4474 | D:6      | Found a staircase to the Ecumenical Temple.
  4493 | D:6      | Noticed Pikel
  4499 | Temple   | Entered the Ecumenical Temple
  4504 | Temple   | Killed Pikel
  4505 | Temple   | Reached skill level 8 in Spellcasting
  4922 | D:6      | Noticed Blork the orc
  4938 | D:6      | Killed Blork the orc
  5072 | D:7      | Reached XP level 9. HP: 40/45 MP: 20/23
  5088 | D:7      | Noticed Menkaure
  5097 | D:7      | Killed Menkaure
  5098 | D:7      | Reached skill level 1 in Evocations
  5294 | D:7      | Offered knowledge of Momentum Strike by Vehumet.
  5299 | D:7      | Reached skill level 9 in Spellcasting
  5372 | D:7      | Found a runed translucent door.
  5373 | D:7      | Noticed Crazy Yiuf
  5381 | D:7      | Killed Crazy Yiuf
  5564 | D:7      | Reached *** piety under Vehumet
  5632 | D:7      | Noticed Joseph
  5726 | D:7      | Killed Joseph
  5727 | D:7      | Reached skill level 1 in Throwing
  5727 | D:7      | Reached skill level 1 in Shields
  5727 | D:7      | Reached skill level 10 in Spellcasting
  5986 | D:7      | Slain by a wight

Illustrated notes

Levels and vault maps discovered:
D:1:      sevenhm_arrival_forest_fort_small_3, layout_rooms,
          chequers_serial_rivers_room_b, minmay_misc_feat_five
D:2:      layout_loops_ring, dreamdust_ecumenical_altar_angels_and_demons,
          serial_shops, shop
D:3:      layout_basic, grunt_temple_overflow_open, minmay_misc_feat_iff
D:4:      layout_basic, nicolae_overflow_quartered_altars, serial_shops,
          nicolae_diamond_shop
D:5:      layout_loops_ring, lemuel_doored_altar, minmay_misc_feat_rows,
          dreamdust_wishing_well
D:6:      layout_loops_cross, fedhas_altar_fruit_tree,
          minmay_temple_entry_glass, uniq_pikel, uniq_blork_the_orc
D:7:      layout_basic, uniq_menkaure, uniq_joseph, uniq_crazy_yiuf_cottage
Temple:   compressed_dpeg_circular_temple

Skill      XL: |  1  2  3  4  5  6  7  8  9 |
---------------+----------------------------+-----
Necromancy     | 5 6 7 9 |  9.4
Dodging        | 3 4 5 |  5.9
Stealth        | 3 4 |  4.7
Short Blades   | 1 2 3 |  3.1
Spellcasting   | 4 5 6 8 10 | 10.3
Translocations | 2 3 |  3.3
Conjurations   | 1 2 3 |  3.4
Evocations     | 1 |  1.0
Throwing       | 1 |  1.0
Shields        | 1 |  1.2

Action                     |  1- 3 |  4- 6 |  7- 9 || total
---------------------------+-------+-------+-------++-------
  Melee: Unarmed           |     9 |       |       ||     9
         Dagger            |    14 |    45 |   133 ||   192
         Short sword       |     4 |       |       ||     4
         Rapier            |    32 |    50 |       ||    82
         Punch             |     1 |     2 |       ||     3
  Throw: Dart              |       |    15 |    13 ||    28
   Cast: Vampiric Draining |     3 |    24 |    54 ||    81
         Searing Ray       |       |       |    15 ||    15
  Evoke: Wand              |       |       |     3 ||     3
    Use: Potion            |       |     1 |     1 ||     2
   Stab: Distracted        |     2 |       |     2 ||     4
         Sleeping          |     2 |     7 |     6 ||    15
 Armour: Robe              |    21 |    16 |    33 ||    70
         Skin              |       |       |     2 ||     2
  Dodge: Dodged            |    46 |    95 |   118 ||   259
